 Dungeon Crawl Stone Soup version 0.25.1-1-g288607f5aa (webtiles) character file.

Game seed: 640106954325594866

2430 funkygono the Ruffian (level 9, -7/83 HPs)
             Began as a Troll Fighter on July 28, 2020.
             Was a Follower of the Shining One.
             Engulfed by a cloud of freezing vapour (10 damage)
             ... on level 6 of the Dungeon.
             The game lasted 00:14:32 (4345 turns).

funkygono the Ruffian (Troll Fighter)               Turns: 4345, Time: 00:14:32

Health: -7/83      AC:  6    Str: 28    XL:     9   Next: 24%
Magic:  8/8        EV:  9    Int:  4    God:    the Shining One [*.....]
Gold:   310        SH: 11    Dex: 10    Spells: 8/8 levels left

rFire    + + .     SeeInvis .     - Unarmed
rCold    + . .     Gourm    +   b - +1 kite shield
rNeg     . . .     Faith    +   a - +0 robe
rPois    .         Spirit   .   (helmet restricted)
rElec    .         Reflect  .   g - scarf {rC+ rF+}
rCorr    .         Harm     .   (gloves unavailable)
MR       .....                  (boots unavailable)
Stlth    +.........             q - amulet of faith
HPRegen  0.63/turn              k - ring of protection from fire
MPRegen  0.11/turn              j - +4 ring of slaying

@: glowing
A: large, unfitting armour, claws 3, fast metabolism 3, gourmand, regeneration
1, shaggy fur 1, tough skin 3
a: Renounce Religion


You were on level 6 of the Dungeon.
You worshipped the Shining One.
The Shining One was aware of your devotion.
You were very full.

You visited 2 branches of the dungeon, and saw 7 of its levels.

You collected 310 gold pieces.

Inventory:

Hand Weapons
 y - a +0 flail
Missiles
 f - 189 stones
 l - 30 poisoned darts
 x - 3 javelins (quivered)
Armour
 a - a +0 robe (worn)
 b - a +1 kite shield (worn)
 g - a scarf of resistance (worn)
Jewellery
 e - an uncursed ring of stealth
 j - a +4 ring of slaying (right claw)
 k - a ring of protection from fire (left claw)
 q - an amulet of faith (around neck)
Wands
 t - a wand of flame (6)
Scrolls
 h - 2 scrolls of magic mapping
 n - 2 scrolls of immolation
 o - 2 scrolls of remove curse
 p - 2 scrolls of teleportation
 s - a scroll of identify
Potions
 c - 2 potions of might
 i - 2 potions of resistance {unknown}
 m - 2 potions of stabbing
 r - a potion of heal wounds
 u - 2 potions of haste
 v - a potion of curing {unknown}
Comestibles
 d - 12 rations


   Skills:
 + Level 3.4 Fighting
 + Level 6.5 Throwing
 + Level 4.3 Dodging
 + Level 4.6 Shields
 + Level 7.4 Unarmed Combat


You had 8 spell levels left.
You didn't know any spells.
Your spell library was empty.

Dungeon Overview and Level Annotations

Branches:
Dungeon (6/15)             Temple (1/1) D:4

Altars:
Ashenzari
Cheibriados
Dithmenos
Elyvilon
Fedhas
Gozag
Hepliaklqana
Kikubaaqudgha
Makhleb
Nemelex Xobeh
Okawaru
Qazlal
Ru
Sif Muna
Trog
Uskayaw
Vehumet
Wu Jian
Xom
Yredelemnul
Zin
The Shining One

Portals:
Abyss: D:4

Annotations:
D:4 2 transporters, Yolobob's ghost, amateur GnWn


Innate Abilities, Weirdness & Mutations

You are too large for most types of armour.
You have claws for hands.
Your metabolism is lightning-fast.
You like to eat raw meat.
Your natural rate of healing is unusually fast.
You are covered in fur. (AC +1)
You have extremely tough skin. (AC +3)


Message History

[Y]es or [N]o only, please.
Really walk into a travel-excluded area? [Y]es or [N]o only, please.
Really walk into a travel-excluded area?
You are engulfed in freezing vapours.
You resist.
You are engulfed in freezing vapours.
You resist.
You are engulfed in freezing vapours.
You resist.
You are engulfed in freezing vapours.
You resist.
You are engulfed in freezing vapours.
You resist.
You are engulfed in freezing vapours.
You resist.
You are engulfed in freezing vapours.
You resist.
* * * LOW HITPOINT WARNING * * *
You are engulfed in freezing vapours.
You resist.
* * * LOW HITPOINT WARNING * * *
You are engulfed in freezing vapours.
You resist.
* * * LOW HITPOINT WARNING * * *
You are engulfed in freezing vapours.
You resist.
* * * LOW HITPOINT WARNING * * *
You are engulfed in freezing vapours.
You resist.
You die...

#..........# #.##
#..........# #.#
#########..........####.#
#.......................#
#.#######################
#.#######################
#.##........☼☼☼☼☼.!)((?##
#.##.####################
#.##☼☼☼☼☼@☼☼☼.......°..##
#.###################'###
#.##################..###
#.# ##.## #.# #..# #.#
#.## #.# #.# #.# #.# #.#
#.#


There were no monsters in sight!

Vanquished Creatures
  The ghost of lepoulpe303 the Magician, a novice SpEE of Zin (D:5)
  Prince Ribbit (D:5)
  Sigmund (D:5)
  Eustachio (D:5)
  Duvessa (D:5)
  A phantom (D:5)
  2 sky beasts
  3 ogres
  2 centaurs (D:5)
  A bullfrog (D:5)
  Dowan (D:5)
  A howler monkey (D:4)
  2 crimson imps
  3 hounds
  3 orc priests
  2 iguanas (D:4)
  5 orc wizards
  7 worker ants
  8 adders
  2 oozes
  An adder skeleton (D:5)
  3 worms
  2 dart slugs (D:1)
  4 leopard geckos
  14 orcs
  9 bats
  3 giant cockroaches
  13 goblins
  6 hobgoblins
  12 jackals
  9 kobolds
  3 quokkas
  3 frilled lizards
  A leopard gecko zombie (D:6)
  7 rats
138 creatures vanquished.

Notes
Turn   | Place    | Note
-------+----------+-------------------------------------------
     0 | D:1      | funkygono the Troll Fighter began the quest for the Orb.
     0 | D:1      | Reached XP level 1. HP: 22/22 MP: 0/0
    46 | D:1      | Reached XP level 2. HP: 28/29 MP: 1/1
   359 | D:1      | Reached XP level 3. HP: 36/36 MP: 2/2
   952 | D:2      | Reached XP level 4. HP: 44/44 MP: 3/3
   962 | D:2      | Reached skill level 1 in Throwing
  1419 | D:2      | Reached skill level 3 in Unarmed Combat
  1616 | D:3      | Reached XP level 5. HP: 49/52 MP: 4/4
  2118 | D:4      | Reached XP level 6. HP: 49/59 MP: 5/5
  2197 | D:4      | Found a transporter.
  2239 | D:4      | Found a transporter.
  2251 | D:4      | Noticed a small abomination
  2272 | D:4      | Noticed Yolobob's ghost (amateur GnWn)
  2273 | D:4      | Found a one-way gate to the infinite horrors of the Abyss.
  2432 | D:4      | Reached skill level 4 in Unarmed Combat
  2528 | D:4      | Reached XP level 7. HP: 64/66 MP: 6/6
  2862 | D:4      | Found a staircase to the Ecumenical Temple.
  2884 | Temple   | Entered the Ecumenical Temple
  3022 | Temple   | Became a worshipper of the Shining One
  3098 | D:5      | Entered Level 5 of the Dungeon
  3107 | D:5      | Found a runed translucent door.
  3114 | D:5      | Noticed lepoulpe303's ghost (novice SpEE)
  3180 | D:5      | Noticed Eustachio
  3192 | D:5      | Killed Eustachio
  3192 | D:5      | Reached skill level 5 in Unarmed Combat
  3207 | D:5      | Noticed Dowan
  3209 | D:5      | Killed Dowan
  3209 | D:5      | Noticed Duvessa
  3217 | D:5      | Reached XP level 8. HP: 45/75 MP: 7/7
  3222 | D:5      | Killed Duvessa
  3222 | D:5      | Reached skill level 5 in Throwing
  3500 | D:5      | Noticed Sigmund
  3517 | D:5      | Noticed Prince Ribbit
  3521 | D:5      | Reached skill level 6 in Unarmed Combat
  3524 | D:5      | Killed Sigmund
  3533 | D:5      | Killed Prince Ribbit
  3799 | D:5      | Killed lepoulpe303's ghost
  3799 | D:5      | Reached skill level 7 in Unarmed Combat
  3799 | D:5      | Reached XP level 9. HP: 76/83 MP: 8/8
  3855 | D:6      | Found a hazy altar of Hepliaklqana.
  3858 | D:6      | Reached * piety under the Shining One
  4009 | D:6      | Found a snail-covered altar of Cheibriados.
  4344 | D:6      | HP: 2/83 [something (4)]
  4345 | D:6      | Engulfed by a cloud of freezing vapour

Illustrated notes

Levels and vault maps discovered:
D:1:      lemuel_arrival_hallway, layout_loops_cross, st_stairs_9
D:2:      cheibrodos_helix_gallery, layout_basic
D:3:      layout_rooms
D:4:      layout_loops_ring, temple_fountains, gammafunk_ghost_abyssal_escape,
          first_ration
D:5:      layout_layer_cave, ebering_ghost_sewer_d, uniq_prince_ribbit1,
          uniq_duvessa, uniq_eustachio, uniq_sigmund
D:6:      lemuel_ice_spiral_2, layout_rooms, lemuel_crystal_altar, basic_altar
Temple:   grunt_wide_crystal_templ

Skill      XL: |  1  2  3  4  5  6  7  8 |
---------------+-------------------------+-----
Throwing       | 1 3 4 6 |  6.5
Dodging        | 3 4 |  4.3
Shields        | 3 4 |  4.6
Unarmed Combat | 3 4 5 7 |  7.4
Fighting       | 3 |  3.4

Action                   |  1- 3 |  4- 6 |  7- 9 || total
-------------------------+-------+-------+-------++-------
Melee: Unarmed           |    91 |    98 |    89 ||   278
Throw: Stone             |    59 |   113 |    23 ||   195
       Javelin           |       |     8 |    48 ||    56
  Use: Scroll            |     3 |     7 |     4 ||    14
  Eat: Chunk             |    14 |    15 |    16 ||    45
Armor: Robe              |    51 |    18 |    13 ||    82
Dodge: Dodged            |    43 |    22 |    34 ||    99
Block: Kite shield       |    62 |    41 |    43 ||   146
